 Dungeon Crawl Stone Soup version 0.18-a0-1285-g60d00e1 (webtiles) character file.

2149 M4edhros the Covert (level 9, -11/53 HPs)
             Began as an Octopode Artificer on Feb 8, 2016.
             Killed by divine providence
             ... invoked by an orc priest
              (16 damage)
             ... on level 6 of the Dungeon.
             The game lasted 00:09:56 (5795 turns).

M4edhros the Covert (Octopode Artificer)            Turns: 5795, Time: 00:09:56

Health: -11/53     AC:  1    Str: 10    XL:     9   Next: 31%
Magic:  23/23      EV: 16    Int: 17    God:    Xom [..*...]
Gold:   225        SH:  5    Dex: 13    Spells: 0 memorised, 8 levels left

rFire  . . .     SeeInvis .     w - +4 quarterstaff (chaos)
rCold  . . .     Gourm    .     (shield currently unavailable)
rNeg   . . .     Faith    .     (helmet restricted)
rPois  .         Spirit   .     y - +5 amulet of reflection
rElec  .         Dismiss  .     j - ring of magical power
rCorr  .         Reflect  +     r - ring of sustain attributes
SustAt +         Harm     .     (no ring)
MR     .....                    (no ring)
Stlth  ++++++....               (no ring)
                                (no ring)
                                (no ring)
                                (no ring)

@: not resistant to hostile enchantments, very stealthy
A: almost no armour, amphibious, 8 rings, constrict 8, camouflage 1, gelatinous
body 1
a: Renounce Religion


You were on level 6 of the Dungeon.
You worshipped Xom.
You were a toy of Xom.
You were not hungry.

You visited 2 branches of the dungeon, and saw 7 of its levels.

You collected 225 gold pieces.

Inventory:

Hand Weapons
 w - a +4 quarterstaff of chaos (weapon)
 z - a +1 mace of protection
Jewellery
 j - a ring of magical power (left tentacle)
 r - a ring of sustain attributes (right tentacle)
 y - a +5 amulet of reflection (around mantle)
Wands
 b - a wand of flame (5/48)
 c - a wand of enslavement (4/24)
 d - a wand of random effects (8/48)
 n - a wand of lightning (4/15)
 B - a wand of iceblast (14/15)
Scrolls
 e - 2 scrolls of fear
 t - 3 scrolls of teleportation {unknown}
 u - a scroll of remove curse
 v - 2 scrolls of enchant armour
Potions
 g - a potion of haste {unknown}
 h - a potion of lignification {unknown}
 k - 2 potions of heal wounds
 l - 5 potions of curing {unknown}
 m - a potion of degeneration {unknown}
 o - 2 potions of brilliance {unknown}
 p - a potion of might {unknown}
 x - a potion of resistance {unknown}
Comestibles
 a - 6 fruits
 f - 4 bread rations
 i - 2 slices of pizza
 q - a royal jelly
 s - 4 meat rations
 A - 2 chunks of flesh


   Skills:
 - Level 1.0 Fighting
   Level 1.0 Short Blades
 * Level 7.8 Dodging
 * Level 10.5 Stealth
 + Level 7.1 Evocations


You had 8 spell levels left.
You didn't know any spells.

Dungeon Overview and Level Annotations

Branches:
Dungeon (6/15)             Temple (1/1) D:6

Altars:
Cheibriados
Dithmenos
Fedhas
Makhleb
Nemelex Xobeh
Okawaru
Trog
Vehumet
Xom
Yredelemnul
Zin
The Shining One

Annotations:
D:3 Pikaro's ghost, amateur DEWn


Innate Abilities, Weirdness & Mutations

You cannot wear most types of armour.
You are amphibious.
You can wear up to eight rings at the same time.
You can use your tentacles to constrict eight enemies at once.
Your skin changes colour to match your surroundings (Stealth).
Your rubbery body absorbs attacks (AC +1).


Message History

The orc wizard closely misses you.
The orc priest calls down the wrath of Beogh upon you.
Pain shoots through your body!
You barely miss the orc priest. Your grab misses the orc priest.
The orc priest is almost dead.
The orc wizard hits you with a dagger!
The orc priest hits you with a short sword.
The orc wizard completely misses you.
You barely miss the orc priest. Your grab misses the orc priest.
The orc priest is almost dead.
The orc priest invokes the aid of Beogh against you.
Something smites you!
* * * LOW HITPOINT WARNING * * *
Xom is interested.
The orc wizard hits you with a dagger.
* * * LOW HITPOINT WARNING * * *
The orc priest mumbles some strange prayers to Beogh against you.
Something smites you!
You die...
Xom roars with laughter!

.. #....## #.# ... #.....#
#.## . ....##.....#
#####..##.#.
...o..o..#.######...........#
....#...o.........<........##
..........##.###...........#
.[.#......##.####[)[.......#
## #%.....##..oo#............
#........###@.............
#.##.###.# ##..........##. #.
#.# #..# #.#.......## #. #.#
##........##...# #.#
####.....##..# #...#......
...#####..# ....


You could see an orc priest and an orc wizard.

Vanquished Creatures
  A centaur (D:6)
  Grinder (D:4)
  Sigmund (D:2)
  Menkaure (D:4)
  An ice beast (D:5)
  2 iguanas
  A black bear (D:4)
  An orc warrior (D:5)
  An ogre (D:5)
  A giant frog (D:6)
  A giant frog zombie (D:4)
  A hound (D:5)
  2 orc priests
  Crazy Yiuf (D:4)
  5 orc wizards
  Terence (D:2)
  5 worker ants
  A hound zombie (D:5)
  3 gnolls (D:3)
  4 adders
  3 adder skeletons
  4 worms
  4 giant geckos
  19 orcs
  2 ball pythons
  4 bats
  5 giant cockroaches
  8 goblins
  11 hobgoblins
  4 jackals (D:3)
  6 kobolds
  3 quokkas
  A giant gecko skeleton (D:4)
  6 giant newts
  8 rats
123 creatures vanquished.

Vanquished Creatures (collateral kills)
  2 yaks (D:6)
  A phantom (D:4)
  An iguana (D:4)
  3 gnolls (D:2)
  2 orcs
  A giant cockroach (D:4)
  A hobgoblin (D:2)
11 creatures vanquished.

Vanquished Creatures (others)
  2 yaks (D:6)
2 creatures vanquished.

Grand Total: 136 creatures vanquished

Notes
Turn   | Place    | Note
--------------------------------------------------------------
     0 | D:1      | M4edhros the Octopode Artificer began the quest for the Orb.
     0 | D:1      | Reached XP level 1. HP: 13/13 MP: 3/3
    74 | D:1      | Reached XP level 2. HP: 15/18 MP: 4/4
   556 | D:1      | Reached XP level 3. HP: 14/23 MP: 5/5
   926 | D:2      | Noticed Sigmund
   931 | D:2      | Killed Sigmund
   931 | D:2      | Reached skill level 4 in Dodging
   931 | D:2      | Reached XP level 4. HP: 17/28 MP: 5/7
   931 | D:2      | Reached XP level 5. HP: 20/33 MP: 5/8
  1152 | D:2      | Noticed Terence
  1168 | D:2      | Found a faded altar to an unknown god.
  1227 | D:2      | Killed Terence
  1227 | D:2      | Reached skill level 5 in Stealth
  1227 | D:2      | Reached XP level 6. HP: 23/38 MP: 9/9
  1866 | D:2      | Found a blossoming altar of Fedhas.
  2644 | D:3      | Noticed Pikaro's ghost (amateur DEWn)
  2665 | D:4      | Noticed a phantom
  2731 | D:4      | Killed a phantom
  2731 | D:4      | Reached skill level 6 in Stealth
  3000 | D:4      | Reached skill level 5 in Dodging
  3000 | D:4      | Reached XP level 7. HP: 41/43 MP: 10/10
  3041 | D:4      | Noticed Menkaure
  3045 | D:4      | Killed Menkaure
  3045 | D:4      | Reached skill level 5 in Evocations
  3079 | D:4      | Reached skill level 7 in Stealth
  3153 | D:4      | Noticed Grinder
  3160 | D:4      | Killed Grinder
  3160 | D:4      | Reached XP level 8. HP: 35/48 MP: 12/12
  3173 | D:4      | Reached skill level 8 in Stealth
  3264 | D:5      | Entered Level 5 of the Dungeon
  4038 | D:4      | Noticed Crazy Yiuf
  4044 | D:4      | Killed Crazy Yiuf
  4228 | D:5      | Found a glowing golden altar of the Shining One.
  4621 | D:5      | Reached skill level 9 in Stealth
  5129 | D:5      | Found a glowing silver altar of Zin.
  5591 | D:6      | Reached XP level 9. HP: 47/53 MP: 13/13
  5614 | D:6      | Found a staircase to the Ecumenical Temple.
  5648 | D:6      | Reached skill level 10 in Stealth
  5686 | D:6      | Killed a centaur
  5719 | Temple   | Entered the Ecumenical Temple
  5732 | Temple   | Became a worshipper of Xom of Gnomic Intent
  5795 | D:6      | Killed from afar by an orc priest

Vault maps used:
D:1:      dpeg_arrival_morbid_curiosity
D:2:      lemuel_coloured_pillars_altar, ecumenical_altar_1, uniq_sigmund,
          uniq_terence
D:3:      nicolae_underground_beach
D:4:      uniq_crazy_yiuf_cottage, uniq_grinder, uniq_menkaure
D:5:      zin_treasury, tso_metal_star, first_bread, guppyfry_early_orc_mine
D:6:      kennysheep_mini, minmay_temple_entry_purple_smoke
Temple:   circular_temple_12

Action                   |  1- 3 |  4- 6 |  7- 9 || total
-------------------------+-------+-------+-------++-------
Melee: Short sword       |    48 |     5 |    47 ||   100
       Dagger            |       |   119 |       ||   119
       Quarterstaff      |       |       |    81 ||    81
Evoke: Wand              |       |    10 |    20 ||    30
  Use: Scroll            |       |    10 |       ||    10
       Potion            |       |       |     1 ||     1
 Stab: Sleeping          |     8 |    11 |    12 ||    31
       Distracted        |       |       |     3 ||     3
       Paralysed         |       |       |     1 ||     1
  Eat: Chunk             |       |     5 |    10 ||    15
